AoeStats
← [GN]mezdap

Pilgrims

509461337Analyzed
2v2 RM · 6d ago on Sep 26, 2026· 40m 31s· 4 players
Game mode
Random Map
Map size
Medium (4 player)
Population
200
Speed
Normal
Resources
Standard
Victory
Conquest
Starting age
Dark Age
Ending age
Imperial Age
RankedLock teamsTeams togetherTeam positionsShared explorationLock speedFull tech treeHidden civsTurbo modeCheats
Victory
Defeat
🇮🇹 Saxons · Italy
1478
+14
🇦🇺 Persians · Australia
1371
+18
🇹🇷 Varangians · Türkiye
1437
-17
🇹🇷 Danes · Türkiye
1402
-15
[GN]LAZURİ
2:57 Loom
11:22 Feudal Age
12:29 Double-Bit Axe
13:38 Fletching
18:29 Wheelbarrow
22:09 Castle Age
22:48 Bodkin Arrow
23:43 Medium Warships
30:12 Bow Saw
34:47 Ballistics
[GN]mezdap
5:20 Loom
12:00 Feudal Age
16:06 Wheelbarrow
17:19 Double-Bit Axe
20:41 Town Watch
27:09 Castle Age
25:29 Stone Mining
36:08 Medium Warships
destining2675
5:14 Loom
9:52 Feudal Age
9:58 Man-at-Arms
11:55 Arson
12:19 Fletching
17:49 Castle Age
17:43 Padded Archer Armor
19:15 Bodkin Arrow
18:43 Crossbowman
19:59 Gold Mining
27:33 Double-Bit Axe
33:12 Horse Collar
34:33 Ballistics
34:35 Bow Saw
35:20 Wheelbarrow
36:01 Careening
40:17 Imperial Age
41:04 Bracer
Damir
3:40 Loom
13:03 Feudal Age
14:16 Double-Bit Axe
27:22 Castle Age
25:14 Horse Collar
26:17 Fletching
28:35 Town Watch
28:47 Bodkin Arrow
34:52 Bow Saw
Connection lost

Rejoining the realm…

Still unreachable

The connection could not be restored.

Session expired

The server has moved on; the page needs a fresh start.